[Event "Team 45 45 League T33"]
[Site "Internet Chess Club"]
[Date "2007.04.30"]
[Round "2"]
[White "jorobo"]
[Black "izit"]
[Result "1-0"]
[WhiteElo "2159"]
[BlackElo "2135"]
[ECO "E98"]
[TimeControl "2700+45"]

1. c4 Nf6 2. Nc3 g6 3. e4 d6 4. d4 Bg7 5. Be2 O-O 6. Nf3 e5 7. O-O Nc6 8. d5 Ne7
9. Ne1 Nd7 10. Nd3 f5 11. Bd2 Nf6 12. f3 Kh8 13. b4 h5 14. c5 Neg8 15. Rc1 Bh6
16. Bxh6 Nxh6 17. Qd2 f4 18. Rc2 g5 19. Rfc1 Rg8 20. Kf1 g4 21. g3 Ne8 22. gxf4
gxf3 23. Bxf3 Bh3+ 24. Ke2 Bg4 25. Bxg4 Rxg4 26. Rf1 exf4 27. Rxf4 Nf6 28. Rxg4
Nfxg4 29. h3 Qh4 30. hxg4 hxg4 31. Kd1 Rf8 32. Kc1 g3 33. Kb2 Ng4 34. Nd1 Rf1
35. Ne3 Qf6+ 36. Ka3 Nxe3 37. Qxe3 Rf3 38. Qe2 dxc5 39. b5 c4 40. Rxc4 g2 41.
Rc1 Qf4 42. Rg1 Qg3 43. Qxg2 Rxd3+ 44. Kb2 Qxg2+ 45. Rxg2 Re3 46. Rg4 Kh7 47. a4
Kh6 48. Kc2 Kh5 49. Rf4 Kg5 50. Rf5+ Kg6 51. Re5 Kf7 52. Kb2 Rd3 53. Re6 Re3 54.
a5 Rd3 55. a6 bxa6 56. bxa6 Re3 57. Kc2 Ra3 58. Kd2 Kf8 59. Ke2 Rc3 60. Kd2 Ra3
61. Rc6 Ke8 62. Rxc7 Rxa6 63. Kd3 Kd8 64. Rg7 Ra4 65. e5 Kc8 66. d6 Ra1 67. Kd4
a5 68. e6 Re1 69. Rg8+ Kb7 70. e7 {Black resigns} 1-0

[Event "Team 45 45 League T33"]
[Site "Internet Chess Club"]
[Date "2007.04.28"]
[Round "2"]
[White "jonesey"]
[Black "RONENOSH9"]
[Result "1-0"]
[WhiteElo "1978"]
[BlackElo "2161"]
[ECO "B13"]
[TimeControl "2700+45"]

1. e4 c6 2. d4 d5 3. exd5 cxd5 4. c4 Nc6 5. Nc3 Nf6 6. Bg5 Qb6 7. cxd5 Nxd5 8.
Bc4 e6 9. Nge2 Be7 10. Qd2 O-O 11. Bxe7 Ndxe7 12. O-O Rd8 13. Rfd1 Nf5 14. d5
Ne5 15. Bb3 Ng4 16. Qf4 h5 17. h3 e5 18. Qf3 Nh4 19. Qg3 Nf5 20. Qf3 Nf6 21. Ne4
Nxe4 22. Qxe4 Qf6 23. Rd3 Nd6 24. Qf3 Bf5 25. Rc3 h4 26. Rac1 Qg6 27. Bc2 Ne4
28. Re3 Nd6 29. Bxf5 Nxf5 30. Rxe5 Nd6 31. Rh5 Rac8 32. Nc3 b5 33. Rxh4 Qg5 34.
Qf4 Qe7 35. Rg4 f5 36. Rg6 Rc4 37. Qd2 Qf7 38. Re6 b4 39. Ne2 Ne4 40. Qf4 Rxc1+
41. Qxc1 Rxd5 42. Qc8+ Kh7 43. Re8 Rd1+ 44. Kh2 g5 45. Rf8 Qg6 46. Rh8+ Kg7 47.
Qf8# {Black checkmated} 1-0

[Event "Team 45 45 League T33"]
[Site "Internet Chess Club"]
[Date "2007.05.01"]
[Round "2"]
[White "SkinnyPuppy"]
[Black "f5"]
[Result "1/2-1/2"]
[WhiteElo "2162"]
[BlackElo "2300"]
[ECO "A87"]
[TimeControl "2700+45"]

1. d4 f5 2. Nf3 Nf6 3. c4 g6 4. Nc3 Bg7 5. g3 d6 6. Bg2 O-O 7. O-O Qe8 8. d5 Na6
9. Re1 Bd7 10. Nd4 c6 11. e4 fxe4 12. Nxe4 Nxe4 13. Bxe4 c5 14. Ne6 Bxe6 15.
dxe6 Nc7 16. Qe2 Rb8 17. a4 b6 18. Ra3 Na6 19. a5 Bd4 20. Bf4 Nc7 21. axb6 Rxb6
22. b3 Qb8 23. Qc2 Rf6 24. Re2 Kh8 25. Bd5 Nxd5 26. cxd5 Rb7 27. Qe4 Qf8 28. h4
Rf5 29. Kg2 Kg8 30. Rea2 h6 31. Rxa7 Rxa7 32. Rxa7 g5 33. hxg5 hxg5 34. Ra8 Qxa8
35. Qxf5 gxf4 36. Qg6+ Bg7 37. Qf7+ Kh8 38. Qh5+ Kg8 39. Qf7+ Kh8 {Game drawn by
mutual agreement} 1/2-1/2

[Event "Team 45 45 League T33"]
[Site "Internet Chess Club"]
[Date "2007.05.01"]
[Round "2"]
[White "k009ris"]
[Black "gracey"]
[Result "1-0"]
[WhiteElo "2239"]
[BlackElo "2132"]
[ECO "A07"]
[TimeControl "2700+45"]

1. Nf3 d5 2. g3 Nf6 3. Bg2 Bf5 4. c4 dxc4 5. Na3 c3 6. bxc3 Nc6 7. O-O e6 8. d3
Qd7 9. Rb1 Nd5 10. Rxb7 Nxc3 11. Qc2 Nd5 12. e4 Ndb4 13. Qa4 Bg4 14. Bf4 Bxf3
15. Rxc7 Qxd3 16. Rxc6 Qd7 17. Bxf3 Qxc6 18. Nb5 Rc8 19. e5 Nd5 20. Rc1 Qxc1+
21. Bxc1 Rxc1+ 22. Kg2 Kd8 23. Bxd5 exd5 24. Qa5+ Kd7 25. Qxa7+ Ke6 26. Nd4+
Kxe5 27. Qxf7 Kxd4 28. Qf4+ Kd3 29. Qxc1 d4 30. Qc8 Kd2 31. Kf3 g6 32. Ke4 Bg7
33. Qd7 Bf6 34. Qf7 Bd8 35. a4 Ke1 36. f4 Bb6 37. Qe6 Rb8 38. g4 Kd2 39. f5 Bc5
40. Qc6 gxf5+ 41. gxf5 Ba7 42. f6 d3 43. f7 Rb4+ 44. Kf3 Rb1 45. Qh6+ {Black
resigns} 1-0

[Event "Team 45 45 League T33"]
[Site "Internet Chess Club"]
[Date "2007.04.26"]
[Round "2"]
[White "martineden"]
[Black "MikeMike"]
[Result "0-1"]
[WhiteElo "1969"]
[BlackElo "1958"]
[ECO "E00"]
[TimeControl "2700+45"]

1. d4 Nf6 2. c4 e6 3. g3 Bb4+ 4. Bd2 Qe7 5. Bg2 O-O 6. Nf3 Bxd2+ 7. Qxd2 d6 8.
Nc3 e5 9. O-O c6 10. e4 Bg4 11. Rfd1 Nbd7 12. h3 Bxf3 13. Bxf3 Qe6 14. Kh2 Qxc4
15. Ne2 Rfe8 16. b3 Qe6 17. Rac1 Rac8 18. dxe5 dxe5 19. Qb4 b6 20. Qd6 Nc5 21.
Qxe6 Nxe6 22. Bg2 c5 23. Nc3 Nd4 24. Bf1 Rcd8 25. Kg2 Kf8 26. f3 Ke7 27. Bc4 Rd6
28. Rd3 Red8 29. Rcd1 a5 30. Kf2 g5 31. f4 gxf4 32. gxf4 Nc6 33. Rxd6 Rxd6 34.
Rxd6 Kxd6 35. f5 Ke7 36. Kg3 Nd4 37. a4 Nc6 38. Kh4 Kf8 39. Kg5 Kg7 40. h4 h6#
{White checkmated} 0-1

[Event "Team 45 45 League T33"]
[Site "Internet Chess Club"]
[Date "2007.04.26"]
[Round "2"]
[White "TrickyBishop"]
[Black "twinders"]
[Result "1/2-1/2"]
[WhiteElo "1620"]
[BlackElo "1660"]
[ECO "B50"]
[TimeControl "2700+45"]

1. e4 c5 2. Nf3 d6 3. Bc4 Nf6 4. d3 a6 5. a3 g6 6. Bg5 Nbd7 7. Qd2 Bg7 8. Bh6
O-O 9. Bxg7 Kxg7 10. Nc3 Nb6 11. Ba2 Bg4 12. O-O-O Bxf3 13. gxf3 Qd7 14. f4 e6
15. h4 h5 16. f3 Nc8 17. Qg2 Ne7 18. Rhg1 Rg8 19. Qh3 Kf8 20. Rg2 b5 21. e5 Nh7
22. d4 cxd4 23. Rxd4 Nf5 24. Rd3 Qc6 25. exd6 Nxd6 26. Rgd2 Nf5 27. Ne4 Rc8 28.
Rd8+ Kg7 29. Rxg8+ Kxg8 30. Ng5 Ne3 31. c3 Nxg5 32. fxg5 Nf5 33. Bb1 a5 34. Bxf5
exf5 35. Rd4 Qe6 36. Qf1 Qe3+ 37. Kb1 Rc5 38. Qd1 Rc8 39. Rd8+ Rxd8 40. Qxd8+
Kg7 41. Qf6+ Kf8 42. Qd6+ Qe7 43. Qxe7+ Kxe7 44. Kc2 f6 45. gxf6+ Kxf6 46. f4
Ke6 47. Kd3 Kd5 48. b3 Kc5 49. Ke3 b4 50. cxb4+ axb4 51. axb4+ Kxb4 52. Kd4 Kxb3
53. Ke5 Kc3 54. Kf6 Kd4 55. Kxg6 Ke4 56. Kxh5 Kxf4 57. Kg6 Kg4 58. h5 f4 59. h6
f3 60. h7 f2 61. h8=Q f1=Q 62. Qc8+ Kg3 {Game drawn by mutual agreement} 1/2-1/2

[Event "Team 45 45 League T33"]
[Site "Internet Chess Club"]
[Date "2007.04.26"]
[Round "2"]
[White "GolfSuper"]
[Black "Theodulf"]
[Result "0-1"]
[WhiteElo "1495"]
[BlackElo "1718"]
[ECO "C43"]
[TimeControl "2700+45"]

1. e4 e5 2. Nf3 Nf6 3. d4 exd4 4. e5 Ne4 5. Qxd4 d5 6. c4 Bc5 7. Qxd5 Qxd5 8.
cxd5 Bxf2+ 9. Ke2 Bb6 10. Be3 Bf5 11. Bxb6 axb6 12. Ke3 Ra5 13. Bc4 Bg6 14. Nbd2
Nc5 15. Nb3 Nxb3 16. Bxb3 Ke7 17. Rac1 Rc5 18. Kd4 Nd7 19. Rhe1 Rd8 20. Rxc5
Nxc5 21. Bc4 Ne6+ 22. Kc3 Nf4 23. d6+ cxd6 24. exd6+ Kxd6 25. Rd1+ Kc7 26. Rxd8
Kxd8 27. g3 Ne6 28. Bxe6 fxe6 29. Ne5 Bf5 30. Kd4 Ke7 31. a3 Bc2 32. Nc4 b5 33.
Ne5 b6 34. b4 Bg6 35. h4 Kd6 36. g4 Be8 37. Ke4 Bc6+ 38. Kd4 Bd5 39. g5 Ke7 40.
Ng4 Ba2 41. Ke5 Bb1 42. Ne3 Bd3 43. Ng2 h6 44. gxh6 gxh6 45. Nf4 Bc4 46. Ng6+
Kf7 47. Nf4 Kg7 48. h5 Kf7 49. Ng6 Be2 50. Nf4 Bg4 51. Kd6 Kf6 52. Kc6 Kg5 53.
Ng2 Bf3+ {White resigns} 0-1

[Event "Team 45 45 League T33"]
[Site "Internet Chess Club"]
[Date "2007.04.26"]
[Round "2"]
[White "OldBoy"]
[Black "strudel"]
[Result "1-0"]
[WhiteElo "1528"]
[BlackElo "1400"]
[ECO "C44"]
[TimeControl "2700+45"]

1. e4 e5 2. Nf3 Nc6 3. Be2 Nf6 4. d3 Bb4+ 5. c3 Ba5 6. O-O O-O 7. Bg5 h6 8. Bh4
d6 9. Nbd2 b5 10. b4 Bb6 11. a4 a5 12. axb5 Nb8 13. Nc4 Bg4 14. bxa5 Bxf3 15.
Bxf3 g5 16. axb6 Rxa1 17. Qxa1 gxh4 18. Qa7 cxb6 19. Nxb6 Nbd7 20. Nxd7 Nxd7 21.
d4 f5 22. exf5 Rxf5 23. Bg4 Rf7 24. Be6 exd4 25. cxd4 Kf8 26. Bxf7 Kxf7 27. Qb7
Kf8 28. Qf3+ {Black resigns} 1-0

[Event "Team 45 45 League T33"]
[Site "Internet Chess Club"]
[Date "2007.04.28"]
[Round "2"]
[White "PawnSensei"]
[Black "Berkshires"]
[Result "1-0"]
[WhiteElo "1355"]
[BlackElo "1338"]
[ECO "C57"]
[TimeControl "2700+45"]

1. e4 e5 2. Nf3 Nc6 3. Bc4 Nf6 4. Ng5 d5 5. exd5 Nxd5 6. d4 Be7 7. Nxf7 Kxf7 8.
Qf3+ Bf6 9. dxe5 Re8 10. Bxd5+ Be6 11. Bxc6 bxc6 12. O-O Bd5 13. Qh5+ g6 14.
Qxh7+ Bg7 15. Bh6 Rg8 16. Bxg7 Rxg7 17. Qh6 Qe7 18. Qf4+ Kg8 19. Nc3 Be6 20.
Rad1 Rf8 21. Qg3 g5 22. Ne4 Bf5 23. Nf6+ Kh8 24. Rfe1 Rff7 25. Qf3 Be6 26. Qh5+
Rh7 27. Nxh7 Rxh7 28. Qg6 g4 29. Qf6+ Kg8 30. Rd8+ Qxd8 31. Qxd8+ Kf7 32. Qf6+
Kg8 33. Qxe6+ {Black resigns} 1-0

[Event "Team 45 45 League T33"]
[Site "Internet Chess Club"]
[Date "2007.05.01"]
[Round "2"]
[White "GolferBob"]
[Black "Pierrekurdy"]
[Result "1/2-1/2"]
[WhiteElo "1615"]
[BlackElo "1636"]
[ECO "E92"]
[TimeControl "2700+45"]

1. d4 Nf6 2. c4 g6 3. Nc3 Bg7 4. Nf3 O-O 5. e4 d6 6. Be2 e5 7. dxe5 dxe5 8. Qxd8
Rxd8 9. Bg5 Nc6 10. a3 Nd4 11. Rd1 Nxf3+ 12. Bxf3 Rxd1+ 13. Kxd1 Be6 14. Nd5 Rd8
15. Kc2 Bxd5 16. cxd5 Rd7 17. Bxf6 Bxf6 {Game drawn by mutual agreement} 1/2-1/2

[Event "Team 45 45 League T33"]
[Site "Internet Chess Club"]
[Date "2007.04.30"]
[Round "2"]
[White "Hastings"]
[Black "JimGaming"]
[Result "1-0"]
[WhiteElo "1374"]
[BlackElo "1280"]
[ECO "C34"]
[TimeControl "2700+45"]

1. e4 e5 2. f4 exf4 3. Nf3 Bc5 4. d4 Bb6 5. Bxf4 d6 6. Bc4 Nf6 7. Nc3 a6 8. Ng5
O-O 9. Qd3 Ba7 10. e5 h6 11. Nxf7 Rxf7 12. Bxf7+ Kxf7 13. exf6 Qxf6 14. Rf1 Kg8
15. O-O-O c6 16. Ne4 Qe6 17. Nxd6 Qxa2 18. Nxc8 Qa1+ 19. Kd2 Qa5+ 20. c3 Nd7 21.
Ne7+ Kh8 22. Ng6+ Kg8 23. Qc4+ Kh7 24. Qd3 Nf6 25. Be5 Re8 26. Bxf6 gxf6 27.
Nf8+ Kg7 28. Qh7+ Kxf8 29. Rxf6# {Black checkmated} 1-0

[Event "Team 45 45 League T33"]
[Site "Internet Chess Club"]
[Date "2007.04.28"]
[Round "2"]
[White "pokerram"]
[Black "tryanything"]
[Result "1-0"]
[WhiteElo "1777"]
[BlackElo "1653"]
[ECO "C62"]
[TimeControl "2700+45"]

1. e4 e5 2. Nf3 Nc6 3. Bb5 d6 4. d4 Bd7 5. dxe5 a6 6. Ba4 b5 7. Bb3 dxe5 8. Qd5
Qe7 9. Ng5 O-O-O 10. Nxf7 Nf6 11. Qd1 Qb4+ 12. Nd2 Bc5 13. Nxd8 Nxe4 14. O-O
Bxf2+ 15. Kh1 Rxd8 16. c3 Qf8 17. Nxe4 Bf5 18. Qe2 Bxe4 19. Qxe4 Qc5 20. Bg5 Rd6
21. Rad1 h6 22. Rxd6 cxd6 23. Qf5+ Kc7 24. Qxf2 hxg5 25. Qxc5 dxc5 26. Rf7+
{Black resigns} 1-0

[Event "Team 45 45 League T33"]
[Site "Internet Chess Club"]
[Date "2007.04.30"]
[Round "2"]
[White "FiendAngelical"]
[Black "Lionskins"]
[Result "1-0"]
[WhiteElo "1715"]
[BlackElo "1613"]
[ECO "B32"]
[TimeControl "2700+45"]

1. e4 c5 2. Nf3 Nc6 3. d4 cxd4 4. Nxd4 Qa5+ 5. Nc3 a6 6. Nb3 Qc7 7. Nd5 Qd8 8.
Be3 e6 9. Bb6 Bb4+ 10. c3 Bxc3+ 11. bxc3 Qh4 12. Nc7+ Ke7 13. Nxa8 Qxe4+ 14. Qe2
Nf6 15. f3 Qxe2+ 16. Bxe2 Nd5 17. Bf2 Nxc3 18. Nb6 d6 19. Nd4 Nb4 20. Rc1 Nbxa2
21. Rc2 Bd7 22. Bc4 Ba4 23. Nxa4 Nxa4 24. Rxa2 Nc5 25. Nb3 Rc8 26. Nxc5 dxc5 27.
O-O Rc6 28. Rb1 b5 29. Bxb5 axb5 30. Rxb5 c4 31. Rc5 Rd6 32. Ra7+ Kf6 33. Bh4+
Kg6 34. Rxc4 f5 35. Rcc7 Kh5 36. Bg3 Rd1+ 37. Kf2 Rd2+ 38. Ke3 Rxg2 39. Rxg7 Rc2
40. Rxh7+ Kg6 41. Rag7+ Kf6 42. Bh4+ Ke5 43. f4+ {Black resigns} 1-0

[Event "Team 45 45 League T33"]
[Site "Internet Chess Club"]
[Date "2007.05.01"]
[Round "2"]
[White "chaos-emporor"]
[Black "Lazerpawn"]
[Result "1/2-1/2"]
[WhiteElo "1655"]
[BlackElo "1639"]
[ECO "C45"]
[TimeControl "2700+45"]

1. e4 e5 2. d4 Nc6 3. Nf3 exd4 4. Nxd4 Ne5 5. f4 Ng6 6. Nc3 Bc5 7. Bc4 Nh6 8.
O-O d6 9. Kh1 Bg4 10. Qd3 O-O 11. Be3 Qe7 12. h3 Bd7 13. Qe2 Rae8 14. f5 Bxd4
15. fxg6 Bxe3 16. gxf7+ Nxf7 17. Qxe3 Kh8 18. Qxa7 Bc6 19. Qd4 Ne5 20. Bd5 Bd7
21. Bxb7 Qh4 {Game drawn by mutual agreement} 1/2-1/2

[Event "Team 45 45 League T33"]
[Site "Internet Chess Club"]
[Date "2007.04.30"]
[Round "2"]
[White "Chessadelic"]
[Black "nanning"]
[Result "1/2-1/2"]
[WhiteElo "1441"]
[BlackElo "1572"]
[ECO "A03"]
[TimeControl "2700+45"]

1. f4 d5 2. Nf3 Bg4 3. e3 Nd7 4. Be2 Ngf6 5. b3 e6 6. Bb2 Be7 7. O-O h6 8. Ne5
Bxe2 9. Qxe2 O-O 10. d3 Nxe5 11. fxe5 Nd7 12. Nd2 f6 13. Nf3 fxe5 14. Nxe5 Nxe5
15. Bxe5 Bd6 16. Qg4 Qe7 17. Bxg7 Qxg7 18. Qxe6+ Kh8 19. Qxd5 Rg8 20. Qxb7 Qe5
21. g3 Rxg3+ 22. hxg3 Qxg3+ 23. Qg2 Qxe3+ 24. Kh1 Rg8 25. Rae1 Qc5 26. Qh3 Qd5+
27. Qf3 Qg5 28. Qf6+ Kh7 29. Qf5+ Kh8 30. Qf6+ {Game drawn by mutual agreement}
1/2-1/2

[Event "Team 45 45 League T33"]
[Site "Internet Chess Club"]
[Date "2007.05.01"]
[Round "2"]
[White "Avedldesierto"]
[Black "quotha"]
[Result "1-0"]
[WhiteElo "1753"]
[BlackElo "1601"]
[ECO "C01"]
[TimeControl "2700+45"]

1. e4 e6 2. d4 c5 3. Bf4 cxd4 4. Qxd4 Nc6 5. Qd2 e5 6. Be3 Nf6 7. Nc3 Bb4 8. f3
O-O 9. a3 d5 10. axb4 d4 11. Bf2 dxc3 12. Qxc3 a5 13. Rd1 axb4 14. Qc4 Qa5 15.
Qb5 Qa2 16. Bd3 Qxb2 17. Ne2 Ra5 18. Qb6 Nd7 19. Qc7 b3 20. cxb3 Ra2 21. O-O
Qxb3 22. Nc1 Qb2 23. Nxa2 Qxa2 24. Ra1 Qe6 25. Rfc1 Nd4 26. Ra8 Nb6 27. Rb8 Nc6
28. Rxc6 bxc6 29. Bxb6 Qb3 30. Rxc8 {Black resigns} 1-0

[Event "Team 45 45 League T33"]
[Site "Internet Chess Club"]
[Date "2007.04.29"]
[Round "2"]
[White "peterdiplaros"]
[Black "jacknor"]
[Result "1-0"]
[WhiteElo "1614"]
[BlackElo "1575"]
[ECO "A45"]
[TimeControl "2700+45"]

1. d4 Nf6 2. e3 g6 3. Bd3 Bg7 4. Nd2 O-O 5. Ne2 d6 6. e4 Nbd7 7. O-O c5 8. c3 e5
9. d5 Bh6 10. Nc4 Bxc1 11. Rxc1 Nb6 12. Ne3 Ng4 13. Nxg4 Bxg4 14. f3 Bc8 15. f4
exf4 16. Nxf4 Nd7 17. Qf3 Ne5 18. Qg3 Kh8 19. Be2 c4 20. Rc2 Bd7 21. h4 Rg8 22.
Nh3 Bxh3 23. Qxh3 Qe7 24. b3 b5 25. h5 Raf8 26. h6 Rc8 27. Bd1 Nd3 28. Re2 Rc7
29. Bc2 Ne5 30. Ref2 Qg5 31. Rf4 cxb3 32. axb3 Qe7 33. Rf6 Rgc8 34. c4 bxc4 35.
bxc4 Rxc4 36. Ba4 Qc7 37. Bc6 Rxc6 38. dxc6 Qb6+ 39. Kh2 Rxc6 40. Qe6 Qd8 41.
Rxf7 Nxf7 42. Qxf7 Qg8 43. Qf6+ {Black resigns} 1-0

[Event "Team 45 45 League T33"]
[Site "Internet Chess Club"]
[Date "2007.05.08"]
[Round "2"]
[White "Hazy"]
[Black "Ser-Enigma"]
[Result "0-1"]
[WhiteElo "1915"]
[BlackElo "2119"]
[ECO "B33"]
[TimeControl "2700+45"]

1. e4 c5 2. Nf3 Nc6 3. d4 cxd4 4. Nxd4 Nf6 5. Nc3 e5 6. Ndb5 d6 7. Bg5 a6 8.
Bxf6 gxf6 9. Na3 b5 10. Nd5 Bg7 11. c3 f5 12. Bd3 Be6 13. Nc2 O-O 14. f3 fxe4
15. fxe4 f5 16. O-O Bxd5 17. exd5 Ne7 18. Be2 Qb6+ 19. Kh1 Qc5 20. Nb4 a5 21.
Nc6 Nxc6 22. dxc6 Rab8 23. a4 bxa4 24. Qxa4 Rxb2 25. Ba6 d5 26. c4 d4 27. Qa3
Qxc6 28. Qxb2 Qxa6 29. Qb5 Qxb5 30. cxb5 Rb8 31. Rxa5 e4 32. Rb1 e3 33. b6 e2
34. Rab5 d3 {White resigns} 0-1

[Event "Team 45 45 League T33"]
[Site "Internet Chess Club"]
[Date "2007.05.05"]
[Round "2"]
[White "DeLaSalle"]
[Black "chiiwen"]
[Result "1/2-1/2"]
[WhiteElo "2082"]
[BlackElo "1916"]
[ECO "A01"]
[TimeControl "2700+45"]

1. b3 f5 2. Bb2 d6 3. f4 Nf6 4. e3 e6 5. Nf3 Be7 6. Be2 O-O 7. O-O b6 8. d3 Nd5
9. Qd2 Bf6 10. c3 g6 11. e4 Ne7 12. e5 Bg7 13. d4 Nbc6 14. Na3 Bh6 15. Rad1 dxe5
16. Nxe5 Nxe5 17. dxe5 Qxd2 18. Rxd2 g5 19. g3 gxf4 20. gxf4 Kh8 21. Bc1 Rg8+
22. Kh1 Bb7+ 23. Bf3 Bxf4 24. Bxb7 Bxd2 25. Bxd2 Rab8 26. Ba6 Rbd8 27. Be1 Ng6
28. Bc4 Rge8 29. Bb5 Rf8 30. Bc4 Rfe8 31. Bb5 Rf8 32. Bc4 Rfe8 {Game drawn by
repetition} 1/2-1/2

[Event "Team 45 45 League T33"]
[Site "Internet Chess Club"]
[Date "2007.04.30"]
[Round "2"]
[White "HoHo"]
[Black "siddhu"]
[Result "1-0"]
[WhiteElo "1767"]
[BlackElo "1832"]
[ECO "C54"]
[TimeControl "2700+45"]

1. e4 e5 2. Nf3 Nc6 3. Bc4 Bc5 4. c3 Nf6 5. d4 exd4 6. cxd4 Bb4+ 7. Bd2 Bxd2+ 8.
Nbxd2 d5 9. exd5 Nxd5 10. O-O O-O 11. Re1 Be6 12. Nb3 Bg4 13. h3 Bxf3 14. Qxf3
Nb6 15. Bd3 Re8 16. Re4 Rxe4 17. Qxe4 g6 18. Bb5 Qd6 19. Bxc6 bxc6 20. Rc1 Nd5
21. Na5 f5 22. Qf3 Qf4 23. Qxf4 Nxf4 24. Rxc6 Ne2+ 25. Kf1 Nxd4 26. Rxc7 Ne6 27.
Rc6 Kf7 28. Nb7 Rb8 29. Nc5 Nxc5 30. Rxc5 Rxb2 31. Rc7+ Kf6 32. Rxa7 Ke5 33. a4
Ra2 34. a5 f4 35. Rxh7 Rxa5 36. Ke2 Kf5 37. Rf7+ Ke4 38. f3+ Ke5 39. h4 Ra2+ 40.
Kf1 Ra8 41. Kf2 Ra2+ 42. Kg1 Ra8 43. Rh7 Kf6 44. Kh2 Rf8 45. Kh3 Kf5 46. Ra7 Rf6
47. Ra5+ Ke6 48. Kg4 Rf7 49. Ra4 Ke5 50. Re4+ Kd5 {Black resigns} 1-0

[Event "Team 45 45 League T33"]
[Site "Internet Chess Club"]
[Date "2007.05.01"]
[Round "2"]
[White "drancro"]
[Black "valipop"]
[Result "0-1"]
[WhiteElo "2082"]
[BlackElo "2082"]
[ECO "B22"]
[TimeControl "2700+45"]

1. e4 c5 2. c3 Nf6 3. e5 Nd5 4. d4 Nc6 5. dxc5 e6 6. Bc4 Bxc5 7. Bxd5 exd5 8.
Qxd5 Qb6 9. Nh3 d6 10. b4 Bxb4 11. cxb4 Nxb4 12. Qd2 Bf5 13. Na3 Nd3+ 14. Ke2
Qa6 15. Ke3 Nxc1 16. Raxc1 Qxa3+ 17. Rc3 Qa4 18. f3 dxe5 19. Qd6 Qd4+ 20. Qxd4
exd4+ 21. Kxd4 Bxh3 22. gxh3 Kd7 23. Rb3 b6 24. Rg1 g6 25. Rg5 f5 26. h4 Ke6 27.
h5 Kf6 28. h4 Rad8+ 29. Ke3 Rhe8+ 30. Kf4 Rd4+ 31. Kg3 Re2 32. hxg6 hxg6 33. Ra3
a5 34. Rc3 Rd6 35. a4 Red2 36. Ra3 R6d4 37. Rc3 R2d3 38. Rc6+ Rd6 39. Rc2 R3d4
40. Ra2 Rb4 41. Rg2 Rxa4 42. Kh3 Kf7 43. h5 gxh5 44. Rg7+ Kf6 45. R7g6+ Ke7 46.
Rg7+ Ke6 47. R7g6+ Kd7 48. R6g5 Rf6 49. Rd2+ Kc6 50. Rg8 Rb4 51. Rc8+ Kb7 {White
got disconnected and forfeits} 0-1

[Event "Team 45 45 League T33"]
[Site "Internet Chess Club"]
[Date "2007.04.28"]
[Round "2"]
[White "hewdondada"]
[Black "andreip"]
[Result "0-1"]
[WhiteElo "1840"]
[BlackElo "1959"]
[ECO "D18"]
[TimeControl "2700+45"]

1. d4 d5 2. c4 c6 3. Nc3 Nf6 4. Nf3 dxc4 5. a4 Bf5 6. e3 e6 7. Bxc4 Bd6 8. O-O
O-O 9. Qe2 Be7 10. Rd1 Qc7 11. Bd2 Nbd7 12. Rac1 Rfe8 13. e4 Bg4 14. e5 Nh5 15.
h3 Bxf3 16. Qxf3 g6 17. Ne4 Qd8 18. g4 Ng7 19. g5 Nf5 20. Nf6+ Nxf6 21. gxf6 Bf8
22. Bc3 h5 23. Be2 Kh7 24. Bd3 Qb6 25. Re1 Bh6 26. Rcd1 Rad8 27. Bxf5 exf5 28.
d5 cxd5 29. Rxd5 Rxd5 30. Qxd5 Re6 31. Qd7 Kg8 32. Rd1 Bf8 33. Qd8 Qc5 34. Qc8
Qxc8 {White resigns} 0-1

[Event "Team 45 45 League T33"]
[Site "Internet Chess Club"]
[Date "2007.05.01"]
[Round "2"]
[White "gezira"]
[Black "primerpaso"]
[Result "0-1"]
[WhiteElo "1889"]
[BlackElo "1840"]
[ECO "B90"]
[TimeControl "2700+45"]

1. e4 c5 2. Nf3 d6 3. d4 cxd4 4. Nxd4 Nf6 5. Nc3 a6 6. f3 e5 7. Nb3 Be6 8. Be3
Nbd7 9. Qd2 b5 10. Bd3 Nb6 11. Na5 Nc4 12. Nxc4 bxc4 13. Be2 Rb8 14. Rb1 d5 15.
exd5 Nxd5 16. Nxd5 Qxd5 17. Qxd5 Bxd5 18. O-O Be7 19. Rfd1 Be6 20. g4 O-O 21. b3
c3 22. a4 a5 23. Bd3 Rfd8 24. Kg2 g6 25. Be4 Rxd1 26. Rxd1 f5 27. gxf5 gxf5 28.
Bd5 Kf7 29. Ba7 Rd8 30. Bxe6+ Kxe6 31. Rxd8 Bxd8 32. Kf2 Kd5 33. Ke2 e4 34. Ke3
Bc7 35. f4 Bd6 36. h4 h5 37. Ke2 Bxf4 38. Bb6 Be5 39. Bxa5 f4 40. Bb6 f3+ 41.
Ke3 Bg3 42. a5 Bxh4 43. a6 Kc6 44. Bd4 Bg3 45. b4 f2 46. Ke2 h4 47. b5+ Kc7 48.
b6+ Kb8 49. Bxf2 Bxf2 50. Kxf2 h3 51. Ke3 h2 52. Kxe4 h1=Q+ 53. Kd3 Qc6 54. b7
Qxa6+ 55. Kxc3 Kxb7 56. Kd4 Kc6 57. c3 Qa4+ 58. c4 Qd1+ 59. Kc3 Kc5 60. Kb2 Kxc4
{White resigns} 0-1

[Event "Team 45 45 League T33"]
[Site "Internet Chess Club"]
[Date "2007.04.29"]
[Round "2"]
[White "chickenhead"]
[Black "PrincessChess"]
[Result "1/2-1/2"]
[WhiteElo "1895"]
[BlackElo "1793"]
[ECO "A38"]
[TimeControl "2700+45"]

1. c4 c5 2. Nf3 Nf6 3. Nc3 Nc6 4. g3 g6 5. Bg2 Bg7 6. d4 cxd4 7. Nxd4 O-O 8. O-O
a6 9. e4 Qc7 10. Be3 Nxd4 11. Qxd4 d6 12. Qd3 Be6 13. b3 Rac8 14. Rac1 Qd7 15.
Na4 Rc7 16. Nb6 Qd8 17. Rfd1 Ng4 18. Bd4 Bxd4 19. Qxd4 Qb8 20. Nd5 Bxd5 21. exd5
Nf6 22. Re1 Qd8 23. Qh4 b5 24. Re3 Kg7 25. Rec3 b4 26. Re3 a5 27. Qd4 Qd7 28.
Rce1 Re8 29. R1e2 Kg8 30. Qh4 Qg4 31. Qxg4 {Game drawn by mutual agreement}
1/2-1/2

[Event "Team 45 45 League T33"]
[Site "Internet Chess Club"]
[Date "2007.04.28"]
[Round "2"]
[White "OrangeKing"]
[Black "fearlessone"]
[Result "0-1"]
[WhiteElo "1776"]
[BlackElo "1898"]
[ECO "A04"]
[TimeControl "2700+45"]

1. Nf3 d6 2. g3 g6 3. Bg2 Bg7 4. O-O c6 5. c4 Bg4 6. d4 Qd7 7. Nc3 h5 8. e4 Na6
9. Qa4 Bxf3 10. Bxf3 Bxd4 11. Bd2 h4 12. g4 Nf6 13. h3 Nc5 14. Qc2 Qe6 15. b4
Qe5 16. Kg2 Ne6 17. Rab1 Ng5 18. Bxg5 Qxg5 19. b5 Nh5 20. Ne2 Nf4+ 21. Nxf4 Qxf4
22. Qc1 Qe5 23. bxc6 bxc6 24. Qc2 O-O 25. Rb7 Bb6 26. Be2 Rfe8 27. f4 Qc5 28. g5
Qa3 29. Rf3 Qa6 30. Rd7 Qc8 31. f5 Qxd7 32. fxg6 fxg6 33. e5 Kg7 34. Bd3 Rf8 35.
Qc3 Qe6 36. exd6+ Kh7 37. Rxf8 Rxf8 38. dxe7 Rf2+ 39. Kh1 Qxh3+ {White resigns}
0-1

[Event "Team 45 45 League T33"]
[Site "Internet Chess Club"]
[Date "2007.05.05"]
[Round "2"]
[White "John3v16"]
[Black "Socraticchess"]
[Result "1/2-1/2"]
[WhiteElo "1839"]
[BlackElo "1809"]
[ECO "C42"]
[TimeControl "2700+45"]

1. e4 e5 2. Nf3 Nf6 3. Nxe5 d6 4. Nf3 Nxe4 5. d4 d5 6. Bd3 Be7 7. O-O O-O 8. Re1
f5 9. c4 c6 10. Nc3 Na6 11. a3 Nxc3 12. bxc3 Nc7 13. Ne5 Bf6 14. Qc2 Bxe5 15.
Rxe5 Qf6 16. h3 h6 17. Bf4 dxc4 18. Bxc4+ Kh8 19. Rae1 Bd7 20. Qd2 Ne8 21. Re7
Rd8 22. Qe2 Nd6 23. Bxd6 Qxd6 24. Qe5 Qxe5 25. dxe5 Rfe8 26. Rf7 b5 27. Bb3 c5
28. Bd5 a6 29. Bb7 Bc8 30. Bxc8 Rxc8 31. Rxf5 Rc6 32. Rf7 Kg8 33. Rd7 Kf8 34. f4
Re7 35. Red1 Rb6 36. R7d6 Reb7 37. Rxb6 Rxb6 38. Kf2 Ke7 39. Ke3 a5 40. f5 b4
41. cxb4 cxb4 42. axb4 axb4 43. Kd3 g6 44. g4 gxf5 45. gxf5 Rb5 46. Re1 b3 47.
Kc3 b2 48. Kc2 b1=Q+ 49. Rxb1 Rxe5 50. Rb7+ Kf6 51. Rb6+ Kg5 52. f6 Rf5 53. Kd3
Rxf6 {Game drawn by mutual agreement} 1/2-1/2

[Event "Team 45 45 League T33"]
[Site "Internet Chess Club"]
[Date "2007.04.27"]
[Round "2"]
[White "Dodgee"]
[Black "winerum"]
[Result "0-1"]
[WhiteElo "1460"]
[BlackElo "1691"]
[ECO "A07"]
[TimeControl "2700+45"]

1. Nf3 d5 2. g3 Bg4 3. h3 Bh5 4. Bg2 Nd7 5. d3 e6 6. O-O Bd6 7. Nbd2 Ne7 8. c4
c6 9. Qc2 O-O 10. Nb3 dxc4 11. Qxc4 Nb6 12. Qh4 Bg6 13. e4 Nd7 14. Bf4 Bxf4 15.
Qxf4 Nb6 16. Qe3 Qc7 17. Rfd1 Rfd8 18. Rd2 Rd7 19. Ne1 Rad8 20. f4 f6 21. Rad1
e5 22. Nf3 exf4 23. gxf4 Bf7 24. Nc1 Ng6 25. f5 Nf4 26. b3 Re7 27. Ne2 Nbd5 28.
Qc5 b6 29. Qc1 Nxg2 30. exd5 Ne3 31. Re1 Bxd5 32. Nfd4 c5 33. Nc2 Nxf5 34. Rf1
Ng3 35. Nf4 Nxf1 36. Qxf1 Bb7 37. Ne1 Qc6 38. Neg2 Rde8 39. Re2 Rxe2 40. Nxe2
Re5 41. h4 Qxg2+ 42. Qxg2 Bxg2 43. Ng3 Bc6 44. Kf2 Kf7 {White resigns} 0-1